 Dungeon Crawl Stone Soup version 0.32-a0-131-g9dbbe29 (webtiles) character file.

Game seed: 9836206773163786760

128 Dorkslayer the Ruffian (level 5, -5/36 HPs)
             Began as an Octopode Fighter on Feb 8, 2024.
             Killed by divine providence
             ... invoked by an orc priest
              (10 damage)
             ... on level 3 of the Dungeon.
             The game lasted 00:02:58 (1198 turns).

Dorkslayer the Ruffian (Octopode Fighter)           Turns: 1198, Time: 00:02:58

Health: -5/36      AC:  1    Str: 17    XL:     5   Next: 11%
Magic:  5/5        EV: 13    Int: 11    God:
Gold:   67         SH:  4    Dex: 11    Spells: 4/4 levels left

rFire   . .          .
                       - Unarmed
rCold   . . .        a - +0 buckler
rNeg    . . .        (helmet restricted)
rPois   .            (no amulet)
rElec   .            (no ring)
rCorr   .            (no ring)
SInv    .            (no ring)
Will    .....        (no ring)
Stlth   +++          (no ring)
HPRegen 0.26/turn    (no ring)
MPRegen 0.09/turn    (no ring)
                     (no ring)

%: no passive effects
@: no status effects
A: almost no armour, amphibious, 8 rings, camouflage 1, gelatinous body 1,
(nimble swimmer 1), tentacles
a: no special abilities


You were on level 3 of the Dungeon.
You visited 1 branch of the dungeon, and saw 4 of its levels.

You collected 67 gold pieces.

Inventory:

Hand Weapons
 k - a +0 mace
Armour
 a - a +0 buckler (worn)
Wands
 i - a wand of paralysis (10)
Scrolls
 d - a scroll of enchant weapon {unknown}
 e - a scroll of identify {unknown}
 f - a scroll of teleportation {unknown}
 h - 3 scrolls of immolation {unknown}
 j - a scroll of noise {unknown}
Potions
 b - a potion of might
 c - a potion of curing
 g - 2 potions of cancellation {unknown}


   Skills:
 + Level 3.3 Fighting
 + Level 3.3 Dodging
 + Level 1.9 Stealth
 + Level 3.4 Shields
 * Level 4.0 Unarmed Combat
 * Level 0.3 Evocations


You had 4 spell levels left.
You didn't know any spells.
Your spell library contained the following spells:

 Spells                   Type           Power      Damage    Failure   Level
 Necrotise                Necr           0%         1d4       41%         1
 Vampiric Draining        Necr           0%         2d6       80%         3
 Martyr's Knell           Necr/Summ      0%         N/A       99%         4
 Curse of Agony           Necr           0%         N/A       100%        5


Dungeon Overview and Level Annotations

Branches:
Dungeon (4/15)
 Temple: D:4-7

Altars:

Shops:
D:1 [   D:3 :


Innate Abilities, Weirdness & Mutations

You cannot wear most types of armour.
You are amphibious.
You can wear up to eight rings at the same time.
Your skin changes colour to match your surroundings (Stealth+).
Your rubbery body absorbs attacks. (AC +1, EV +1)
((You are camouflaged when in or above water. (Stealth+)))
You have tentacles for arms and can constrict up to eight enemies at once.


Message History

You barely miss the orc wizard.
The orc wizard hits you with a +0 dagger.
You are too confused!
It was a potion of curing.
You feel better.
The orc throws a stone.
You block the stone.
The orc wizard hits you with a +0 dagger.
Okay, then.
You closely miss the orc wizard. You grab the orc wizard.
You constrict the orc wizard, but do no damage.
The orc wizard closely misses you.
The orc throws a stone.
The stone closely misses you.
You tentacle-slap the orc wizard.
The orc wizard is lightly wounded.
You constrict the orc wizard.
The orc hits you from afar with a +0 trident.
You block the orc wizard's attack.
You tentacle-slap the orc wizard. x2; You squeeze the orc wizard.
The orc wizard is almost dead.
You constrict the orc wizard.
The orc priest is no longer paralysed.
You block the orc's attack.
The orc wizard gestures at you while chanting.
The magic dart hits you.
You tentacle-slap the orc wizard but do no damage.
The orc wizard is almost dead.
You constrict the orc wizard.
You kill the orc wizard!
The orc hits you from afar with a +0 trident!
* * * LOW HITPOINT WARNING * * *
Your Unarmed Combat skill increases to level 4!
You have reached level 5!
You feel clever.
You tentacle-slap the orc priest. Your grab misses the orc priest.
The orc priest is moderately wounded.
The orc throws a stone.
The stone closely misses you.
You tentacle-slap the orc priest. Your grab misses the orc priest.
The orc priest is heavily wounded.
The orc throws a stone.
The stone closely misses you.
The orc priest mumbles some strange prayers to Beogh against you.
Beogh smites you!
You die...

#.#.###.# #...###.#
#..## .....##.##
....###
.....'...####.[<.$#
.....##....##.[..)#
.....###.#.#.<....#
.....#...#^#....o.
######+#...#...))##
#......# #@o##
#......#####...#.#.#
#...................
#.....######.#...##.
#.....######.#..##
#..........#.#>...
#.....####.#.# #.##
####### ##### .# #


You could see an orc priest and an orc.

Vanquished Creatures
  Ijyb (D:3)
  An orc wizard (D:3)
  2 adders
  A ribbon worm (D:3)
  2 dart slugs
  An orc (D:3)
  6 ball pythons
  5 bats
  2 endoplasms (D:1)
  5 goblins (D:1)
  6 hobgoblins
  4 jackals (D:2)
  3 kobolds (D:1)
  2 quokkas (D:1)
  2 frilled lizards (D:1)
  4 rats (D:1)
47 creatures vanquished.

Notes
Turn   | Place    | Note
-------+----------+-------------------------------------------
     0 | D:1      | Dorkslayer the Octopode Fighter began the quest for the
                  | Orb.
     0 | D:1      | Reached XP level 1. HP: 16/16 MP: 1/1
   149 | D:1      | Reached XP level 2. HP: 19/21 MP: 2/2
   519 | D:1      | Reached XP level 3. HP: 26/26 MP: 3/3
   785 | D:1      | Found Ceov's Antique Armour Boutique.
   893 | D:2      | Reached skill level 1 in Stealth
   893 | D:2      | Reached skill level 3 in Unarmed Combat
   900 | D:2      | Reached XP level 4. HP: 11/31 MP: 4/4
  1003 | D:2      | You fall into a shaft and drop 2 floors!
  1058 | D:3      | Found Qizel's Book Shop.
  1090 | D:3      | Noticed Ijyb
  1105 | D:3      | Killed Ijyb
  1197 | D:3      | Reached skill level 4 in Unarmed Combat
  1197 | D:3      | Reached XP level 5. HP: 4/36 MP: 5/5
  1198 | D:3      | Killed from afar by an orc priest

Illustrated notes

Levels and vault maps discovered:
D:1:      spicycebolla_arrival_clurvy, layout_loops_ring, serial_shops,
          nicolae_shop_back_alley_shop
D:2:      layout_rooms, uniq_jessica, uniq_natasha
D:3:      layout_basic, fedhas_altar_fruit_tree, serial_shops, shop, uniq_ijyb
D:4:      layout_loops_cross

Skill      XL: |  1  2  3  4 |
---------------+-------------+-----
Stealth        | 1 |  1.9
Unarmed Combat | 3 4 |  4.0
Fighting       | |  3.3
Dodging        | |  3.3
Shields        | |  3.4
Evocations     | |  0.3

Action                     |  1- 3 |  4- 6 || total
---------------------------+-------+-------++-------
  Melee: Unarmed           |    93 |    37 ||   130
         Constrict         |    23 |     6 ||    29
         Tentacles         |    14 |     6 ||    20
         Punch             |     3 |     2 ||     5
  Evoke: Wand              |       |     1 ||     1
    Use: Potion            |       |     1 ||     1
   Stab: Sleeping          |     4 |     1 ||     5
 Armour: Skin              |    40 |    15 ||    55
  Dodge: Dodged            |    63 |    22 ||    85
  Block: Buckler           |    20 |     6 ||    26

Table legend: (Time is in decaauts)
 A = Elapsed time spent in this place.
 B = Non-inter-level travel time spent in this place.
 C = Inter-level travel time spent in this place.
 D = Time resting spent in this place.
 E = Time spent auto-exploring this place.
 F = Levels seen in this place.
 G = Mean time per level.
                   A        B        C        D        E       F      G
               +--------+--------+--------+--------+--------+-----+--------+
         Total |   1194 |   1194 |      0 |      0 |    688 |   4 |  298.5 |
       Dungeon |   1194 |   1194 |      0 |      0 |    688 |   4 |  298.5 |
               +--------+--------+--------+--------+--------+-----+--------+

Top non-repeatable levels by time:
     D:1: 873 daAuts
     D:3: 139 daAuts
     D:2: 127 daAuts
     D:4: 54 daAuts
